 Dungeon Crawl Stone Soup version 0.30-a0-867-g305f33218d (webtiles) character file.

Game seed: 16070364126151975619

307 mandoloar the Digger (level 6, -1/44 HPs)
             Began as a Gnoll Earth Elementalist on Mar 10, 2023.
             Slain by Pikel
             ... wielding a +0 whip of flaming
              (10 damage)
             ... on level 4 of the Dungeon.
             The game lasted 00:10:21 (4492 turns).

mandoloar the Digger (Gnoll Earth Elementalist)     Turns: 4492, Time: 00:10:21

Health: -1/44      AC:  4    Str:  7    XL:     6   Next: 40%
Magic:  1/23       EV: 13    Int: 16    God:
Gold:   163        SH:  0    Dex: 13    Spells: 11/15 levels left

rFire   . . .      SeeInvis .    a - +1 flail
rCold   . . .      Faith    .    (no shield)
rNeg    . . .      Spirit   .    g - +0 robe
rPois   .          Reflect  .    l - +0 hat
rElec   .          Rampage  .    r - +0 cloak
rCorr   .                        (no gloves)
Will    .....                    d - +0 pair of boots
Stlth   +++                      (no amulet)
HPRegen 0.27/turn                o - ring of magical power
MPRegen 0.18/turn                (no ring)

@: very slightly contaminated
A: fangs 1, strong nose, distributed training
a: no special abilities


You were on level 4 of the Dungeon.
You visited 1 branch of the dungeon, and saw 4 of its levels.
You also visited: Sewer.

You collected 163 gold pieces.

Inventory:

Hand Weapons
 a - a +1 flail (weapon)
 b - a +0 sling
Armour
 d - a +0 pair of boots (worn)
 g - a +0 robe (worn)
 l - a +0 hat (worn)
 r - a +0 cloak (worn)
Jewellery
 o - a ring of magical power (left hand)
Wands
 e - a wand of roots (9)
Scrolls
 c - 2 scrolls of identify
 n - a scroll of magic mapping {unknown}
Potions
 f - 2 potions of might
 h - a potion of curing
 i - 3 potions of magic
 j - 2 potions of brilliance
 k - 2 potions of heal wounds {unknown}
 m - a potion of berserk rage {unknown}
 p - 3 potions of mutation {unknown}
 q - 2 potions of haste {unknown}


   Skills:
 + Level 2.0 Fighting
 + Level 2.0 Short Blades
 + Level 2.0 Long Blades
 + Level 2.0 Axes
 + Level 2.0 Maces & Flails
 + Level 2.0 Polearms
 + Level 2.0 Staves
 + Level 2.0 Ranged Weapons
 + Level 2.0 Throwing
 + Level 2.0 Armour
 + Level 5.0 Dodging
 + Level 4.6 Stealth
 + Level 2.0 Shields
 + Level 2.0 Unarmed Combat
 + Level 5.4 Spellcasting
 + Level 1.6 Conjurations
 + Level 1.6 Hexes
 + Level 1.6 Summonings
 + Level 1.6 Necromancy
 + Level 1.6 Translocations
 + Level 2.6 Transmutations
 + Level 1.6 Fire Magic
 + Level 1.6 Ice Magic
 + Level 1.6 Air Magic
 + Level 5.7 Earth Magic
 + Level 1.6 Poison Magic
 + Level 2.2 Invocations
 + Level 2.0 Evocations


You had 11 spell levels left.
You knew the following spells:

 Your Spells              Type           Power      Damage    Failure   Level
a - Sandblast             Erth           44%        2d11      1%          1
b - Stone Arrow           Conj/Erth      32%        3d9       10%         3

Your spell library contained the following spells:

 Spells                   Type           Power      Damage    Failure   Level
 Passwall                 Tmut/Erth      14%        N/A       4%          2
 Petrify                  Tmut/Erth      17%        N/A       26%         4


Dungeon Overview and Level Annotations

Branches:
Dungeon (4/15)              Sewer (visited)
 Temple: D:4-7

Altars:
Okawaru
Sif Muna
Wu Jian

Shops:
D:2 [

Annotations:
D:4 Pikel


Innate Abilities, Weirdness & Mutations

You have very sharp teeth.
Your uncanny sense of smell can sniff out nearby items.
Your experience applies equally to all skills.


Message History

Press: ? - help, Shift-Dir - straight line, f/p - Pikel
Aim: Pikel, wielding a +0 whip of flaming and wearing a +0 robe (heavily wounded, 60% to hit)
You miscast Stone Arrow.
The air around you crackles with energy.
Pikel hits you with a +0 whip of flaming.
Pikel burns you.
Casting: Stone Arrow (dangerous; 10% risk of failure)
Confirm with . or Enter, or press ? or * to list all spells.
Aiming: Stone Arrow (dangerous; 10% risk of failure)
Press: ? - help, Shift-Dir - straight line, f/p - Pikel
Aim: Pikel, wielding a +0 whip of flaming and wearing a +0 robe (heavily wounded, 60% to hit)
The stone arrow misses Pikel.
Pikel says, "You'll make a fine lemure."
Pikel hits you with a +0 whip of flaming!
* * * LOW HITPOINT WARNING * * *
Pikel burns you.
* * * LOW HITPOINT WARNING * * *
Casting: Stone Arrow (dangerous; 10% risk of failure)
Confirm with . or Enter, or press ? or * to list all spells.
Aiming: Stone Arrow (dangerous; 10% risk of failure)
Press: ? - help, Shift-Dir - straight line, f/p - Pikel
Aim: Pikel, wielding a +0 whip of flaming and wearing a +0 robe (heavily wounded, 60% to hit)
The stone arrow misses Pikel.
Pikel barely misses you.
Casting: Stone Arrow (dangerous; 10% risk of failure)
Confirm with . or Enter, or press ? or * to list all spells.
You don't have enough magic to cast this spell.
Unknown command.
Casting: Stone Arrow (dangerous; 10% risk of failure)
Confirm with . or Enter, or press ? or * to list all spells.
You don't have enough magic to cast this spell.
Unknown command.
Casting: Stone Arrow (dangerous; 10% risk of failure)
Confirm with . or Enter, or press ? or * to list all spells.
Aiming: Sandblast (safe; 1% risk of failure)
Press: ? - help, Shift-Dir - straight line, f/p - Pikel
Aim: Pikel, wielding a +0 whip of flaming and wearing a +0 robe (heavily wounded, 79% to hit)
The blast of sand hits Pikel.
Pikel is severely wounded.
Pikel hits you with a +0 whip of flaming!
You die...

#.########.##.###
#.#.........#...#
#########.#.#####..)#.#.#
#.............# #...#.#.# ###
##..........)..# #...#.#.# #..
.#.............###.#.#.#.# #..
.#.............).......#.## #..
.#.............###..####..#####..
..............5K@...........>....
.#########.#.###.#<..####..#.###.
.# #.#.#####...#..##...#### .#
#...........#..###...... ##
#....#####.......#..####
#.......................
##...#####.......##...##
#...#..............#.#
#...#..............#.##


You could see Pikel and a lemure.

Vanquished Creatures
  3 lemures (D:4)
  A scorpion (D:4)
  Jessica (D:3)
  An orc wizard (D:4)
  4 gnolls (D:2)
  5 adders
  2 ufetubi
  A worm (D:3)
  4 dart slugs
  4 orcs
  8 endoplasms
  5 giant cockroaches
  3 goblins
  11 hobgoblins
  3 quokkas
  5 ball pythons
  7 bats
  3 frilled lizards
  13 kobolds
  8 rats
92 creatures vanquished.

Notes
Turn   | Place    | Note
-------+----------+-------------------------------------------
     0 | D:1      | mandoloar the Gnoll Earth Elementalist began the quest for
                  | the Orb.
     0 | D:1      | Reached XP level 1. HP: 13/13 MP: 6/6
   211 | D:1      | Reached XP level 2. HP: 19/19 MP: 5/7
   916 | D:1      | Found a faded altar of an unknown god.
  1291 | D:2      | Reached skill level 5 in Spellcasting
  1291 | D:2      | Reached XP level 3. HP: 25/25 MP: 5/9
  1293 | D:2      | Reached skill level 1 in Invocations
  1294 | D:2      | Reached skill level 1 in Fighting
  1294 | D:2      | Reached skill level 1 in Short Blades
  1294 | D:2      | Reached skill level 1 in Long Blades
  1294 | D:2      | Reached skill level 1 in Axes
  1294 | D:2      | Reached skill level 1 in Maces & Flails
  1294 | D:2      | Reached skill level 1 in Polearms
  1294 | D:2      | Reached skill level 1 in Staves
  1294 | D:2      | Reached skill level 1 in Ranged Weapons
  1294 | D:2      | Reached skill level 1 in Throwing
  1294 | D:2      | Reached skill level 1 in Armour
  1294 | D:2      | Reached skill level 1 in Shields
  1294 | D:2      | Reached skill level 1 in Unarmed Combat
  1294 | D:2      | Reached skill level 1 in Evocations
  1296 | D:2      | Reached XP level 4. HP: 24/32 MP: 1/11
  1618 | D:2      | Learned a level 3 spell: Stone Arrow
  1631 | D:2      | Reached skill level 1 in Conjurations
  1631 | D:2      | Reached skill level 1 in Hexes
  1631 | D:2      | Reached skill level 1 in Summonings
  1631 | D:2      | Reached skill level 1 in Necromancy
  1631 | D:2      | Reached skill level 1 in Translocations
  1631 | D:2      | Reached skill level 1 in Fire Magic
  1631 | D:2      | Reached skill level 1 in Ice Magic
  1631 | D:2      | Reached skill level 1 in Air Magic
  1631 | D:2      | Reached skill level 1 in Poison Magic
  1842 | D:2      | Found Tatymop's Armour Boutique.
  2663 | D:3      | Reached XP level 5. HP: 34/37 MP: 12/12
  2704 | D:3      | Found a glowing drain.
  2714 | Sewer    | Entered a sewer
  3189 | D:3      | Noticed Jessica
  3193 | D:3      | Killed Jessica
  3202 | D:3      | Found a shimmering blue altar of Sif Muna.
  3650 | D:4      | Reached XP level 6. HP: 17/44 MP: 3/13
  3858 | D:4      | Reached skill level 5 in Dodging
  4062 | D:4      | Found an iron altar of Okawaru.
  4236 | D:4      | Noticed Pikel
  4407 | D:4      | Found an ornate altar of the Wu Jian Council.
  4492 | D:4      | Slain by Pikel

Illustrated notes

Levels and vault maps discovered:
D:1:      minmay_arrival_glassed_features, layout_loops_ring,
          hellmonk_ecumenical_altar_inner_sanctum
D:2:      layout_loops_ring, serial_shops, nicolae_shop_advertising_works
          [nicolae_subvault_shop_adworks], kennysheep_pointless_box
D:3:      layout_basic, tgw_sif, cheibrodos_sewer_entry_bend,
          grunt_decor_junction
D:4:      layout_basic, nzn_wu_jian_contemplation,
          nicolae_overflow_crystal_walls, lemuel_flame_loot_1, uniq_pikel

Skill      XL: |  1  2  3  4  5  6 |
---------------+-------------------+-----
Transmutations | 2 |  2.6
Spellcasting   | 5 |  5.4
Invocations    | 1 2 |  2.2
Fighting       | 1 2 |  2.0
Short Blades   | 1 2 |  2.0
Long Blades    | 1 2 |  2.0
Axes           | 1 2 |  2.0
Maces & Flails | 1 2 |  2.0
Polearms       | 1 2 |  2.0
Staves         | 1 2 |  2.0
Ranged Weapons | 1 2 |  2.0
Throwing       | 1 2 |  2.0
Armour         | 1 2 |  2.0
Shields        | 1 2 |  2.0
Unarmed Combat | 1 2 |  2.0
Evocations     | 1 2 |  2.0
Conjurations   | 1 |  1.6
Hexes          | 1 |  1.6
Summonings     | 1 |  1.6
Necromancy     | 1 |  1.6
Translocations | 1 |  1.6
Fire Magic     | 1 |  1.6
Ice Magic      | 1 |  1.6
Air Magic      | 1 |  1.6
Poison Magic   | 1 |  1.6
Dodging        | 5 |  5.0
Stealth        | |  4.6
Earth Magic    | |  5.7

Action                     |  1- 3 |  4- 6 || total
---------------------------+-------+-------++-------
  Melee: Dagger            |       |    13 ||    13
         Punch             |       |     1 ||     1
         Flail             |       |    20 ||    20
         Bite              |       |     1 ||     1
   Fire: Sling             |     7 |       ||     7
   Cast: Sandblast         |    25 |    69 ||    94
         Stone Arrow       |       |    29 ||    29
    Use: Scroll            |       |     7 ||     7
 Armour: Robe              |     1 |    10 ||    11
  Dodge: Dodged            |     4 |    54 ||    58

Table legend: (Time is in decaauts)
 A = Elapsed time spent in this place.
 B = Non-inter-level travel time spent in this place.
 C = Inter-level travel time spent in this place.
 D = Time resting spent in this place.
 E = Time spent auto-exploring this place.
 F = Levels seen in this place.
 G = Mean time per level.
                   A        B        C        D        E       F      G
               +--------+--------+--------+--------+--------+-----+--------+
         Total |   4570 |   4222 |    348 |    812 |   2717 |   5 |  914.0 |
       Dungeon |   4218 |   3870 |    348 |    786 |   2492 |   4 | 1054.5 |
         Sewer |    351 |    351 |      0 |     26 |    224 |   1 |  351.0 |
               +--------+--------+--------+--------+--------+-----+--------+

Top non-repeatable levels by time:
     D:1: 1133 daAuts
     D:2: 1121 daAuts
     D:3: 1074 daAuts
     D:4: 889 daAuts
   Sewer: 351 daAuts
